IL
MEMPHIS REDBIRDS @ IOWA CUBS
08/11/2049
 
TOP OF THE 1ST
Memphis Redbirds batting - Pitching for Iowa Cubs : RHP Dustin Buckner
Pitching: RHP Dustin Buckner
Batting: LHB Tsutomu Miyahara 0-0: Ball
1-0: Ground out 4-3 (Groundball, 4, EV 82.5 MPH)
Batting: LHB Sam Britt 0-0: Ball
1-0: Hit by Pitch
Batting: RHB Andres Mendiola 0-0: Ball
1-0: Ball
2-0: Fielders Choice at 2nd, 3-6 (Groundball, 34, EV 89.4 MPH)
Batting: RHB Pablo Nunez 0-0: Called Strike
0-1: Foul Ball, location: 2F
0-2: Ball
1-2: Foul Ball, location: 2F
1-2: Strikes out swinging
Top of the 1st over - 0 runs, 0 hits, 0 errors, 1 left on base; Memphis 0 - Iowa 0
BOTTOM OF THE 1ST
Iowa Cubs batting - Pitching for Memphis Redbirds : RHP Marcos Vergara
Pitching: RHP Marcos Vergara
Batting: RHB Josh Kalman 0-0: Foul Ball, location: 2F
0-1: Ball
1-1: Ball
2-1: Foul Ball, location: 2F
2-2: Ball
3-2: Foul Ball, location: 2F
3-2: Strikes out swinging
Batting: RHB Frank Caulfield 0-0: Swinging Strike
0-1: Foul Ball, location: 2F
0-2: Strikes out swinging
Batting: LHB Wing-tat Tai 0-0: Ball
1-0: Foul Ball, location: 2F
1-1: Swinging Strike
1-2: Fly out, F7 (Flyball, 7D, EV 96.2 MPH)
Bottom of the 1st over - 0 runs, 0 hits, 0 errors, 0 left on base; Memphis 0 - Iowa 0
TOP OF THE 2ND
Memphis Redbirds batting - Pitching for Iowa Cubs : RHP Dustin Buckner
Batting: RHB Joe Alley 0-0: Foul Ball, location: 2F
0-1: Foul Ball, location: 2F
0-2: Ball
1-2: Foul Ball, location: 2F
1-2: Ball
2-2: Ground out 5-3 (Groundball, 56, EV 86.9 MPH)
Batting: RHB McGwire Jones 0-0: Ball
1-0: Swinging Strike
1-1: Swinging Strike
1-2: Foul Ball, location: 2F
1-2: Ball
2-2: Ball
3-2: Base on Balls
Batting: RHB Fabrice Bertin 0-0: Ball
1-0: Fly out, F8 (Flyball, 78D, EV 106.9 MPH)
Batting: RHB Mark Cahill 0-0: Ball
1-0: SINGLE (Groundball, 6MD, EV 107.5 MPH)
McGwire Jones to second
Runner from 2nd tries for 3rd, OUT! 8-5
Top of the 2nd over - 0 runs, 1 hit, 0 errors, 1 left on base; Memphis 0 - Iowa 0
BOTTOM OF THE 2ND
Iowa Cubs batting - Pitching for Memphis Redbirds : RHP Marcos Vergara
Batting: LHB Mark Ingram 0-0: Foul Ball, location: 2F
0-1: Ball
1-1: Foul Ball, location: 2F
1-2: Ground out 4-3 (Groundball, 4, EV 86.2 MPH)
Batting: RHB Brad Santanello 0-0: Called Strike
0-1: Called Strike
0-2: Strikes out swinging
Batting: RHB Ricardo Aguinaga 0-0: Called Strike
0-1: Swinging Strike
0-2: Ball
1-2: Foul Ball, location: 2F
1-2: Ball
2-2: Ball
3-2: Foul Ball, location: 2F
3-2: Ground out 4-3 (Groundball, 4M, EV 83.8 MPH)
Bottom of the 2nd over - 0 runs, 0 hits, 0 errors, 0 left on base; Memphis 0 - Iowa 0
TOP OF THE 3RD
Memphis Redbirds batting - Pitching for Iowa Cubs : RHP Dustin Buckner
Batting: RHB Josh Martin 0-0: Called Strike
0-1: Ball
1-1: Ground out 5-3 (Groundball, 5, EV 84.4 MPH)
Batting: LHB Tsutomu Miyahara 0-0: Foul Ball, location: 2F
0-1: Fly out, F9 (Flyball, 9D, EV 82.5 MPH)
Batting: LHB Sam Britt 0-0: Ball
1-0: Ball
2-0: Called Strike
2-1: Ball
3-1: Called Strike
3-2: Foul Ball, location: 2F
3-2: Fly out, F7 (Flyball, 7, EV 95.0 MPH)
Top of the 3rd over - 0 runs, 0 hits, 0 errors, 0 left on base; Memphis 0 - Iowa 0
BOTTOM OF THE 3RD
Iowa Cubs batting - Pitching for Memphis Redbirds : RHP Marcos Vergara
Batting: RHB Tim Long 0-0: Ball
1-0: SOLO HOME RUN (Flyball, 78XD, EV 105.6 MPH), Distance : 397 ft
Batting: RHB Adam Kelliher 0-0: Ball
1-0: Ball
2-0: Ball
3-0: Base on Balls
Batting: RHB Khalil Stephens 0-0: Called Strike
Adam Kelliher steals 2nd base
0-1: Swinging Strike
0-2: Strikes out swinging
Batting: RHB Josh Kalman 0-0: DOUBLE (Flyball, 8RXD, EV 98.8 MPH)
Adam Kelliher scores
Batting: RHB Frank Caulfield 0-0: Ground out 6-3 (Groundball, 6, EV 102.5 MPH)
Batting: LHB Wing-tat Tai 0-0: Ball
1-0: Ball
2-0: Ball
3-0: Base on Balls
Batting: LHB Mark Ingram 0-0: Ball
1-0: Called Strike
1-1: Called Strike
1-2: Foul Ball, location: 2F
1-2: Strikes out swinging
Bottom of the 3rd over - 2 runs, 2 hits, 0 errors, 2 left on base; Memphis 0 - Iowa 2
TOP OF THE 4TH
Memphis Redbirds batting - Pitching for Iowa Cubs : RHP Dustin Buckner
Batting: RHB Andres Mendiola 0-0: Called Strike
0-1: Foul Ball, location: 2F
0-2: Ground out U3 (Groundball, 3L, EV 89.4 MPH)
Batting: RHB Pablo Nunez 0-0: Single, Error in OF, E9, batter to second base (Groundball, 34D, EV 95.0 MPH)
Batting: RHB Joe Alley 0-0: Ball
1-0: Ball
2-0: 2-RUN HOME RUN (Flyball, 89XD, EV 96.9 MPH), Distance : 393 ft
Batting: RHB McGwire Jones 0-0: Called Strike
0-1: Ball
1-1: Ball
2-1: Foul Ball, location: 2F
2-2: Foul Ball, location: 2F
2-2: Ball
3-2: Base on Balls
Batting: RHB Fabrice Bertin 0-0: Ball
1-0: Foul Ball, location: 2F
1-1: Fielders Choice at 2nd, 5-4 (Groundball, 5, EV 86.9 MPH)
Batting: RHB Mark Cahill 0-0: Called Strike
0-1: Ball
1-1: Ball
2-1: Fielders Choice at 2nd, 6-4 (Groundball, 6, EV 90.6 MPH)
Top of the 4th over - 2 runs, 2 hits, 1 error, 1 left on base; Memphis 2 - Iowa 2
BOTTOM OF THE 4TH
Iowa Cubs batting - Pitching for Memphis Redbirds : RHP Marcos Vergara
Batting: RHB Brad Santanello 0-0: Swinging Strike
0-1: Ball
1-1: SINGLE (Line Drive, 4D, EV 94.4 MPH)
Batting: RHB Ricardo Aguinaga 0-0: Fly out, F9 (Flyball, 9S, EV 93.1 MPH)
Batting: RHB Tim Long 0-0: Ball
1-0: Foul Ball, location: 2F
1-1: Foul Ball, location: 2F
1-2: Fly out, F4 (Popup, 4MD, EV 45.0 MPH)
Batting: RHB Adam Kelliher 0-0: Ball
1-0: Fielders Choice at 2nd, 6-4 (Groundball, 6, EV 97.5 MPH)
Bottom of the 4th over - 0 runs, 1 hit, 0 errors, 1 left on base; Memphis 2 - Iowa 2
TOP OF THE 5TH
Memphis Redbirds batting - Pitching for Iowa Cubs : RHP Dustin Buckner
Batting: RHB Josh Martin 0-0: Ball
1-0: Called Strike
1-1: Ball
2-1: Fly out, F4 (Popup, 4M, EV 73.8 MPH)
Batting: LHB Tsutomu Miyahara 0-0: Called Strike
0-1: DOUBLE (Flyball, 89XD, EV 102.5 MPH)
Batting: LHB Sam Britt 0-0: Called Strike
0-1: Swinging Strike
0-2: Foul Ball, location: 2F
0-2: Ball
1-2: Foul Ball, location: 2F
1-2: Ball
2-2: SINGLE (Groundball, 6D, EV 108.1 MPH)
Tsutomu Miyahara to third
Batting: RHB Andres Mendiola 0-0: Fielders Choice at 2nd, 1-6 (Groundball, 13, EV 65.0 MPH)
Batting: RHB Pablo Nunez 0-0: Called Strike
0-1: SINGLE (Line Drive, 9S, EV 98.8 MPH)
Tsutomu Miyahara scores
Andres Mendiola to second
Runner from 2nd tries for 3rd, SAFE, throw by RF made to third
Batting: RHB Joe Alley 0-0: Called Strike
0-1: Swinging Strike
0-2: Ball
1-2: Ball
Wild Pitch!
Andres Mendiola scores
Pablo Nunez to second
2-2: Ball
3-2: Base on Balls
Batting: RHB McGwire Jones 0-0: Swinging Strike
0-1: Foul Ball, location: 2F
0-2: Strikes out swinging
Top of the 5th over - 2 runs, 3 hits, 0 errors, 2 left on base; Memphis 4 - Iowa 2
BOTTOM OF THE 5TH
Iowa Cubs batting - Pitching for Memphis Redbirds : RHP Marcos Vergara
Batting: RHB Khalil Stephens 0-0: Ball
1-0: Ball
2-0: Ball
3-0: Base on Balls
Batting: RHB Josh Kalman 0-0: Called Strike
Khalil Stephens steals 2nd, throwing error, E2
Khalil Stephens to third
0-1: Fly out, F8 (Flyball, 8LD, EV 105.0 MPH)
Runner from 3rd tags up, SCORES, throw by CF
Batting: RHB Frank Caulfield 0-0: Ground out 6-3 (Groundball, 6, EV 111.2 MPH)
Batting: LHB Wing-tat Tai 0-0: Ball
1-0: Ball
2-0: Ball
3-0: Called Strike
3-1: Base on Balls
Batting: LHB Mark Ingram 0-0: Ball
1-0: Ball
2-0: Foul Ball, location: 2F
2-1: Called Strike
2-2: Foul Ball, location: 2F
2-2: Strikes out looking
Bottom of the 5th over - 1 run, 0 hits, 1 error, 1 left on base; Memphis 4 - Iowa 3
TOP OF THE 6TH
Memphis Redbirds batting - Pitching for Iowa Cubs : RHP Dustin Buckner
Batting: RHB Fabrice Bertin 0-0: Fly out, F7 (Flyball, 7, EV 85.0 MPH)
Batting: RHB Mark Cahill 0-0: Called Strike
0-1: Foul Ball, location: 2F
0-2: Fly out, F8 (Flyball, 8LS, EV 96.9 MPH)
Batting: RHB Josh Martin 0-0: Ground out 3-1 (Groundball, 34S, EV 73.8 MPH)
Top of the 6th over - 0 runs, 0 hits, 0 errors, 0 left on base; Memphis 4 - Iowa 3
BOTTOM OF THE 6TH
Iowa Cubs batting - Pitching for Memphis Redbirds : RHP Marcos Vergara
Batting: RHB Brad Santanello 0-0: Ball
1-0: Ground out 6-3 (Groundball, 6, EV 86.9 MPH)
Batting: RHB Ricardo Aguinaga 0-0: Ball
1-0: Ball
2-0: Ball
3-0: Called Strike
3-1: Base on Balls
Batting: RHB Tim Long 0-0: TRIPLE (Flyball, 89XD, EV 111.2 MPH)
Ricardo Aguinaga scores
Batting: RHB Adam Kelliher 0-0: SINGLE (Line Drive, 89M, EV 92.5 MPH)
Tim Long scores
Pitching: RHP Josh Sabatino
Batting: RHB Khalil Stephens 0-0: Called Strike
0-1: Ball
1-1: Ball
2-1: Fielders Choice at 2nd, 4-6 (Groundball, 4MD, EV 91.2 MPH)
Batting: RHB Josh Kalman 0-0: Fielders Choice at 2nd, 6-4 (Groundball, 6, EV 77.5 MPH)
Bottom of the 6th over - 2 runs, 2 hits, 0 errors, 1 left on base; Memphis 4 - Iowa 5
TOP OF THE 7TH
Memphis Redbirds batting - Pitching for Iowa Cubs : RHP Dustin Buckner
Pitching: RHP Jorge Mora
Batting: LHB Tsutomu Miyahara 0-0: Called Strike
0-1: Foul Ball, location: 2F
0-2: Ground out 5-3 (Groundball, 56, EV 90.6 MPH)
Batting: LHB Sam Britt 0-0: Ball
1-0: Fly out, F8 (Line Drive, 78M, EV 91.2 MPH)
Batting: RHB Andres Mendiola 0-0: Ball
1-0: Ball
2-0: Foul Ball, location: 2F
2-1: Foul Ball, location: 2F
2-2: Ball
3-2: Foul Ball, location: 2F
3-2: DOUBLE (Line Drive, 89XD, EV 100.6 MPH)
Batting: RHB Pablo Nunez 0-0: Ball
1-0: Swinging Strike
1-1: SINGLE (Flyball, 3D, EV 93.8 MPH)
Andres Mendiola to third
Runner from 3rd tries for Home, throw by RF and OUT! 9-2
Top of the 7th over - 0 runs, 2 hits, 0 errors, 1 left on base; Memphis 4 - Iowa 5
BOTTOM OF THE 7TH
Iowa Cubs batting - Pitching for Memphis Redbirds : RHP Josh Sabatino
Batting: RHB Frank Caulfield 0-0: Ball
1-0: Foul Ball, location: 2F
1-1: Ball
2-1: Ball
3-1: Called Strike
3-2: Ground out 1-3 (Groundball, 13S, EV 65.6 MPH)
Batting: LHB Wing-tat Tai 0-0: Ball
1-0: Ball
2-0: Ball
3-0: Called Strike
3-1: Base on Balls
Batting: LHB Mark Ingram 0-0: Ball
1-0: Called Strike
1-1: Ball
2-1: Foul Ball, location: 2F
2-2: Foul Ball, location: 2F
2-2: Strikes out swinging
Batting: RHB Brad Santanello 0-0: Ball
1-0: Swinging Strike
1-1: DOUBLE (Groundball, 5L, EV 101.9 MPH)
Wing-tat Tai to third
Batting: RHB Ricardo Aguinaga 0-0: Called Strike
0-1: Foul Ball, location: 2F
0-2: Foul Ball, location: 2F
0-2: Strikes out looking
Bottom of the 7th over - 0 runs, 1 hit, 0 errors, 2 left on base; Memphis 4 - Iowa 5
TOP OF THE 8TH
Memphis Redbirds batting - Pitching for Iowa Cubs : RHP Jorge Mora
Pitching: RHP Nikita Eliseenko
Batting: RHB Joe Alley 0-0: Ball
1-0: DOUBLE (Flyball, 78XD, EV 98.8 MPH)
Batting: RHB McGwire Jones 0-0: Ball
1-0: Called Strike
1-1: Ground out 5-3 (Groundball, 56S, EV 79.4 MPH)
Batting: RHB Fabrice Bertin 0-0: Swinging Strike
0-1: Ball
1-1: Ball
2-1: Foul Ball, location: 2F
2-2: Ball
3-2: Strikes out swinging
Batting: RHB Mark Cahill 0-0: Called Strike
0-1: Ball
1-1: Swinging Strike
1-2: Strikes out swinging
Top of the 8th over - 0 runs, 1 hit, 0 errors, 1 left on base; Memphis 4 - Iowa 5
BOTTOM OF THE 8TH
Iowa Cubs batting - Pitching for Memphis Redbirds : RHP Josh Sabatino
Pitching: LHP John Roe
Batting: RHB Tim Long 0-0: TRIPLE (Flyball, 7LD, EV 90.0 MPH)
Batting: RHB Adam Kelliher 0-0: Ball
1-0: Fly out, F8 (Flyball, 8RD, EV 83.8 MPH)
Runner from 3rd tags up, SCORES, throw by CF
Batting: RHB Khalil Stephens 0-0: Called Strike
0-1: DOUBLE (Line Drive, 89D, EV 111.2 MPH)
Batting: RHB Josh Kalman 0-0: Intentional Walk
Batting: RHB Frank Caulfield 0-0: Called Strike
0-1: Swinging Strike
0-2: Foul Ball, location: 2F
0-2: Ball
1-2: Ball
2-2: Strikes out swinging
Batting: LHB Wing-tat Tai 0-0: Ball
1-0: Ball
2-0: Foul Ball, location: 2F
2-1: Called Strike
2-2: Strikes out looking
Bottom of the 8th over - 1 run, 2 hits, 0 errors, 2 left on base; Memphis 4 - Iowa 6
TOP OF THE 9TH
Memphis Redbirds batting - Pitching for Iowa Cubs : RHP Nikita Eliseenko
Pitching: RHP Carlos Dominguez
Batting: RHB Josh Martin 0-0: Foul Ball, location: 2F
0-1: Ball
1-1: Foul Ball, location: 2F
1-2: Ball
2-2: Ball
3-2: Fly out, F8 (Flyball, 8RXD, EV 93.8 MPH)
Batting: LHB Tsutomu Miyahara 0-0: Foul Ball, location: 2F
0-1: Foul Ball, location: 2F
0-2: Strikes out looking
Batting: LHB Sam Britt 0-0: Ball
1-0: Foul Ball, location: 2F
1-1: Called Strike
1-2: Strikes out swinging
Top of the 9th over - 0 runs, 0 hits, 0 errors, 0 left on base; Memphis 4 - Iowa 6
Sunday, July 16th , 2023 - OOTP Baseball 24.6 Build 69